Workbook

Sheet Cover

Sheet Monthly Valuation
B2: Start Date | C2: ='Programm to Monthly Valuation'!F7 -> 44711 | D2: Completion Date | E2: ='Programm to Monthly Valuation'!BJ7 -> 45103 | F2: Gross Total | G2: ='Programm to Monthly Valuation'!D18 -> 43623625 | H2: Retention | I2: 0.05
B4: Period | C4: Date | D4: Gross Valuation | E4: Previous Valuation | F4: Period Movement | G4: Cost To Complete | H4: Retention | I4: Gross Retention | J4: Remittance
B5: 1 | C5: 44741 | D5: ='Programm to Monthly Valuation'!J20 -> 4398591.6 | E5: 0 | F5: =D5-E5 -> 4398591.6 | G5: =$G$2-D5 -> 39225033 | H5: =F5*$I$2 -> 219929.58 | I5: =H5 -> 219929.58 | J5: =F5-H5 -> 4178662
B6: 2 | C6: 44771 | D6: =E6+F6 -> 7979793.9 | E6: =D5 -> 4398591.6 | F6: ='Programm to Monthly Valuation'!N20 -> 3581202.3 | G6: =$G$2-D6 -> 35643831 | H6: =F6*$I$2 -> 179060.11 | I6: =H6+I5 -> 398989.69 | J6: =F6-H6 -> 3402142.2
B7: 3 | C7: 44802 | D7: =E7+F7 -> 11599217 | E7: =D6 -> 7979793.9 | F7: ='Programm to Monthly Valuation'!S20 -> 3619423.4 | G7: =$G$2-D7 -> 32024408 | H7: =F7*$I$2 -> 180971.17 | I7: =H7+I6 -> 579960.86 | J7: =F7-H7 -> 3438452.2
B8: 4 | C8: 44833 | D8: =E8+F8 -> 13213695 | E8: =D7 -> 11599217 | F8: ='Programm to Monthly Valuation'!W20 -> 1614478 | G8: =$G$2-D8 -> 30409930 | H8: =F8*$I$2 -> 80723.899 | I8: =H8+I7 -> 660684.76 | J8: =F8-H8 -> 1533754.1
B9: 5 | C9: 44863 | D9: =E9+F9 -> 17897777 | E9: =D8 -> 13213695 | F9: ='Programm to Monthly Valuation'!AB20 -> 4684081.4 | G9: =$G$2-D9 -> 25725848 | H9: =F9*$I$2 -> 234204.07 | I9: =H9+I8 -> 894888.83 | J9: =F9-H9 -> 4449877.3
B10: 6 | C10: 44894 | D10: =E10+F10 -> 24488706 | E10: =D9 -> 17897777 | F10: ='Programm to Monthly Valuation'!AF20 -> 6590929.6 | G10: =$G$2-D10 -> 19134919 | H10: =F10*$I$2 -> 329546.48 | I10: =H10+I9 -> 1224435.3 | J10: =F10-H10 -> 6261383.1
B11: 7 | C11: 44924 | D11: =E11+F11 -> 28898110 | E11: =D10 -> 24488706 | F11: ='Programm to Monthly Valuation'!AK20 -> 4409403.4 | G11: =$G$2-D11 -> 14725515 | H11: =F11*$I$2 -> 220470.17 | I11: =H11+I10 -> 1444905.5 | J11: =F11-H11 -> 4188933.3
B12: 8 | C12: 44955 | D12: =E12+F12 -> 31233956 | E12: =D11 -> 28898110 | F12: ='Programm to Monthly Valuation'!AO20 -> 2335846.6 | G12: =$G$2-D12 -> 12389668 | H12: =F12*$I$2 -> 116792.33 | I12: =H12+I11 -> 1561697.8 | J12: =F12-H12 -> 2219054.3
B13: 9 | C13: 44985 | D13: =E13+F13 -> 33569803 | E13: =D12 -> 31233956 | F13: ='Programm to Monthly Valuation'!AS20 -> 2335846.6 | G13: =$G$2-D13 -> 10053822 | H13: =F13*$I$2 -> 116792.33 | I13: =H13+I12 -> 1678490.1 | J13: =F13-H13 -> 2219054.3
B14: 10 | C14: 45014 | D14: =E14+F14 -> 35905650 | E14: =D13 -> 33569803 | F14: ='Programm to Monthly Valuation'!AW20 -> 2335846.6 | G14: =$G$2-D14 -> 7717975.3 | H14: =F14*$I$2 -> 116792.33 | I14: =H14+I13 -> 1795282.5 | J14: =F14-H14 -> 2219054.3
B15: 11 | C15: 45045 | D15: =E15+F15 -> 38241496 | E15: =D14 -> 35905650 | F15: ='Programm to Monthly Valuation'!BA20 -> 2335846.6 | G15: =$G$2-D15 -> 5382128.7 | H15: =F15*$I$2 -> 116792.33 | I15: =H15+I14 -> 1912074.8 | J15: =F15-H15 -> 2219054.3
B16: 12 | C16: 45075 | D16: =E16+F16 -> 41688348 | E16: =D15 -> 38241496 | F16: ='Programm to Monthly Valuation'!BF20 -> 3446852.3 | G16: =$G$2-D16 -> 1935276.3 | H16: =F16*$I$2 -> 172342.62 | I16: =H16+I15 -> 2084417.4 | J16: =F16-H16 -> 3274509.7
B17: 13 | C17: 45106 | D17: =E17+F17 -> 43623625 | E17: =D16 -> 41688348 | F17: ='Programm to Monthly Valuation'!BJ20 -> 1935276.3 | G17: =$G$2-D17 -> 0 | H17: =F17*$I$2 -> 96763.816 | I17: =H17+I16 -> 2181181.2 | J17: =F17-H17 -> 1838512.5

Sheet Programm to Monthly Valuation
A7: Num | B7: Activity | C7: Duration (weeks) | D7: Budget | E7: Check | F7: 44711 | G7: 44718 | H7: 44725 | I7: 44732 | J7: 44739 | K7: 44746 | L7: 44753 | M7: 44760 | N7: 44767 | O7: 44774 | P7: 44781 | Q7: 44788 | R7: 44795 | S7: 44802 | T7: 44809 | U7: 44816 | V7: 44823 | W7: 44830 | X7: 44837 | Y7: 44844 | Z7: 44851 | AA7: 44858 | AB7: 44865 | AC7: 44872 | AD7: 44879 | AE7: 44886 | AF7: 44893 | AG7: 44900 | AH7: 44907 | AI7: 44914 | AL7: 44935 | AM7: 44942 | AN7: 44949 | AO7: 44956 | AP7: 44963 | AQ7: 44970 | AR7: 44977 | AS7: 44984 | AT7: 44991 | AU7: 44998 | AV7: 45005 | AW7: 45012 | AX7: 45019 | AY7: 45026 | AZ7: 45033 | BA7: 45040 | BB7: 45047 | BC7: 45054 | BD7: 45061 | BE7: 45068 | BF7: 45075 | BG7: 45082 | BH7: 45089 | BI7: 45096 | BJ7: 45103
A8: 1 | B8: PRELIMINARIES | C8: 57 | D8: 923159.23 | E8: =SUM(F8:WL8) -> 923159.23 | F8: =$D$8/$C$8 -> 16195.776 | G8: =$D$8/$C$8 -> 16195.776 | H8: =$D$8/$C$8 -> 16195.776 | I8: =$D$8/$C$8 -> 16195.776 | J8: =$D$8/$C$8 -> 16195.776 | K8: =$D$8/$C$8 -> 16195.776 | L8: =$D$8/$C$8 -> 16195.776 | M8: =$D$8/$C$8 -> 16195.776 | ... BJ8: =$D$8/$C$8 -> 16195.776
A9: 2 | B9: ENABLING WORKS | C9: 1 | D9: 115529.95 | E9: =SUM(F9:WG9) -> 115529.95 | F9: =D9/C9 -> 115529.95
A10: 3 | B10: EXCAVATE AND FILL | C10: 6 | D10: 6303124.1 | E10: =SUM(F10:WG10) -> 6303124.1 | G10: =$D$10/$C$10 -> 1050520.7 | H10: =$D$10/$C$10 -> 1050520.7 | I10: =$D$10/$C$10 -> 1050520.7 | J10: =$D$10/$C$10 -> 1050520.7 | K10: =$D$10/$C$10 -> 1050520.7 | L10: =$D$10/$C$10 -> 1050520.7
A11: 4 | B11: SUBSTRUCTURE | C11: 9 | D11: 6369200.1 | E11: =SUM(F11:WG11) -> 6369200.1 | M11: =$D$11/$C$11 -> 707688.9 | N11: =$D$11/$C$11 -> 707688.9 | O11: =$D$11/$C$11 -> 707688.9 | P11: =$D$11/$C$11 -> 707688.9 | Q11: =$D$11/$C$11 -> 707688.9 | R11: =$D$11/$C$11 -> 707688.9 | S11: =$D$11/$C$11 -> 707688.9 | T11: =$D$11/$C$11 -> 707688.9 | U11: =$D$11/$C$11 -> 707688.9
A12: 5 | B12: DRAINAGE | C12: 4 | D12: 268634.13 | E12: =SUM(F12:WG12) -> 268634.13 | V12: =$D$12/$C$12 -> 67158.533 | W12: =$D$12/$C$12 -> 67158.533 | X12: =$D$12/$C$12 -> 67158.533 | Y12: =$D$12/$C$12 -> 67158.533
A13: 6 | B13: CAR PARKING | C13: 8 | D13: 11916761 | E13: =SUM(F13:WG13) -> 11916761 | Z13: =$D$13/$C$13 -> 1489595.2 | AA13: =$D$13/$C$13 -> 1489595.2 | AB13: =$D$13/$C$13 -> 1489595.2 | AC13: =$D$13/$C$13 -> 1489595.2 | AD13: =$D$13/$C$13 -> 1489595.2 | AE13: =$D$13/$C$13 -> 1489595.2 | AF13: =$D$13/$C$13 -> 1489595.2 | AG13: =$D$13/$C$13 -> 1489595.2
A14: 7 | B14: GENERAL SUPERSTRUCTURES AND FACILITIES | C14: 30 | D14: 17032976 | E14: =SUM(F14:WE14) -> 17032976 | AF14: =$D$14/$C$14 -> 567765.88 | AG14: =$D$14/$C$14 -> 567765.88 | AH14: =$D$14/$C$14 -> 567765.88 | AI14: =$D$14/$C$14 -> 567765.88 | AJ14: =$D$14/$C$14 -> 567765.88 | AK14: =$D$14/$C$14 -> 567765.88 | AL14: =$D$14/$C$14 -> 567765.88 | AM14: =$D$14/$C$14 -> 567765.88 | ... BI14: =$D$14/$C$14 -> 567765.88
A15: 8 | B15: SPORTS PITCH | C15: 5 | D15: 599747.51 | E15: =SUM(F15:VW15) -> 599747.51 | BC15: =$D$15/$C$15 -> 119949.5 | BD15: =$D$15/$C$15 -> 119949.5 | BE15: =$D$15/$C$15 -> 119949.5 | BF15: =$D$15/$C$15 -> 119949.5 | BG15: =$D$15/$C$15 -> 119949.5
A16: 9 | B16: GENERAL GARDEN LANDSCAPED AREA | C16: 2 | D16: 94492.145 | E16: =SUM(F16:VT16) -> 94492.145 | BF16: =$D$16/$C$16 -> 47246.073 | BG16: =$D$16/$C$16 -> 47246.073
A17: 10 | B17: FINAL HANDOVER | C17: 1
C18: TOTAL | D18: =SUM(D8:D17) -> 43623625 | E18: =SUM(E8:E17) -> 43623625 | F18: =SUM(F8:F17) -> 131725.73 | G18: =SUM(G8:G17) -> 1066716.5 | H18: =SUM(H8:H17) -> 1066716.5 | I18: =SUM(I8:I17) -> 1066716.5 | J18: =SUM(J8:J17) -> 1066716.5 | K18: =SUM(K8:K17) -> 1066716.5 | ... BJ18: =SUM(BJ8:BJ17) -> 16195.776
J20: =SUM(F18:J18) -> 4398591.6 | N20: =SUM(K18:N18) -> 3581202.3 | S20: =SUM(O18:S18) -> 3619423.4 | W20: =SUM(T18:W18) -> 1614478 | AB20: =SUM(X18:AB18) -> 4684081.4 | AF20: =SUM(AC18:AF18) -> 6590929.6 | AK20: =SUM(AG18:AK18) -> 4409403.4 | AO20: =SUM(AL18:AO18) -> 2335846.6 | AS20: =SUM(AP18:AS18) -> 2335846.6 | AW20: =SUM(AT18:AW18) -> 2335846.6 | BA20: =SUM(AX18:BA18) -> 2335846.6 | BF20: =SUM(BB18:BF18) -> 3446852.3 | BJ20: =SUM(BG18:BJ18) -> 1935276.3
C23: TOTAL | J23: =SUM(J20:J22) -> 4398591.6 | N23: =SUM(N20:N22) -> 3581202.3 | S23: =SUM(S20:S22) -> 3619423.4 | W23: =SUM(W20:W22) -> 1614478 | AB23: =SUM(AB20:AB22) -> 4684081.4 | AF23: =SUM(AF20:AF22) -> 6590929.6 | AK23: =SUM(AK20:AK22) -> 4409403.4 | AO23: =SUM(AO20:AO22) -> 2335846.6 | AS23: =SUM(AS20:AS22) -> 2335846.6 | AW23: =SUM(AW20:AW22) -> 2335846.6 | BA23: =SUM(BA20:BA22) -> 2335846.6 | BF23: =SUM(BF20:BF22) -> 3446852.3 | BJ23: =SUM(BJ20:BJ22) -> 1935276.3
C25: 5% retention | J25: =0.05*J23 -> 219929.58 | N25: =0.05*N23 -> 179060.11 | S25: =0.05*S23 -> 180971.17 | W25: =0.05*W23 -> 80723.899 | AB25: =0.05*AB23 -> 234204.07 | AF25: =0.05*AF23 -> 329546.48 | AK25: =0.05*AK23 -> 220470.17 | AO25: =0.05*AO23 -> 116792.33 | AS25: =0.05*AS23 -> 116792.33 | AW25: =0.05*AW23 -> 116792.33 | BA25: =0.05*BA23 -> 116792.33 | BF25: =0.05*BF23 -> 172342.62 | BJ25: =0.05*BJ23 -> 96763.816
C27: TOTAL | J27: =J23-J25 -> 4178662 | N27: =N23-N25 -> 3402142.2 | S27: =S23-S25 -> 3438452.2 | W27: =W23-W25 -> 1533754.1 | AB27: =AB23-AB25 -> 4449877.3 | AF27: =AF23-AF25 -> 6261383.1 | AK27: =AK23-AK25 -> 4188933.3 | AO27: =AO23-AO25 -> 2219054.3 | AS27: =AS23-AS25 -> 2219054.3 | AW27: =AW23-AW25 -> 2219054.3 | BA27: =BA23-BA25 -> 2219054.3 | BF27: =BF23-BF25 -> 3274509.7 | BJ27: =BJ23-BJ25 -> 1838512.5

Sheet Cash in - out
A4: Month | B4: Cash in | C4: Cash out | D4: Cumulative | E4: Cash flow
A5: 1 | C5: ='Programm to Monthly Valuation'!#REF! -> #REF! | D5: =C5 -> #REF! | E5: =B5-C5 -> #REF!
A6: 2 | B6: ='Programm to Monthly Valuation'!#REF! -> #REF! | C6: ='Programm to Monthly Valuation'!#REF! -> #REF! | D6: =C6-E5 -> #REF! | E6: =E5+B6-C6 -> #REF!
A7: 3 | B7: ='Programm to Monthly Valuation'!#REF! -> #REF! | C7: ='Programm to Monthly Valuation'!$N$20 -> 3581202.3 | D7: =C7-E6 -> #REF! | E7: =E6+B7-C7 -> #REF!
A8: 4 | B8: ='Programm to Monthly Valuation'!$N$27 -> 3402142.2 | C8: ='Programm to Monthly Valuation'!$Q$20 -> 0 | D8: =C8-E7 -> #REF! | E8: =E7+B8-C8 -> #REF!
A9: 5 | B9: ='Programm to Monthly Valuation'!$Q$27 -> 0 | C9: ='Programm to Monthly Valuation'!#REF! -> #REF! | D9: =C9-E8 -> #REF! | E9: =E8+B9-C9 -> #REF!
A10: 6 | B10: ='Programm to Monthly Valuation'!#REF! -> #REF! | C10: ='Programm to Monthly Valuation'!$BH$20 -> 0 | D10: =C10-E9 -> #REF! | E10: =E9+B10-C10 -> #REF!
A11: 7 | B11: ='Programm to Monthly Valuation'!$BH$27 -> 0 | C11: ='Programm to Monthly Valuation'!#REF! -> #REF! | D11: =C11-E10 -> #REF! | E11: =E10+B11-C11 -> #REF!
A12: 8 | B12: ='Programm to Monthly Valuation'!#REF! -> #REF! | C12: 0 | D12: =C12-E11 -> #REF! | E12: =E11+B12-C12 -> #REF!
A14: TOTAL | B14: =SUM(B6:B13) -> #REF! | C14: =SUM(C5:C13) -> #REF!
D26: Interest 7%
D27: =-0.07*E5/12 -> #REF! | E27: =E5-D27 -> #REF!
D28: =-0.07*E6/12 -> #REF! | E28: =E27+B6-C6-D28 -> #REF!
D29: =-0.07*E7/12 -> #REF! | E29: =E28+B7-C7-D29 -> #REF!
D30: =-0.07*E8/12 -> #REF! | E30: =E29+B8-C8-D30 -> #REF!
D31: =-0.07*E9/12 -> #REF! | E31: =E30+B9-C9-D31 -> #REF!
D32: =-0.07*E10/12 -> #REF! | E32: =E31+B10-C10-D32 -> #REF!
D33: =-0.07*E11/12 -> #REF! | E33: =E32+B11-C11-D33 -> #REF!
E34: =E33+B12-C12-D34 -> #REF!
D35: =SUM(D27:D34) -> #REF!
